 Dungeon Crawl Stone Soup version 0.21.0 (webtiles) character file.

301 Gizmo the Magician (level 6, -2/33 HPs)
             Began as a Deep Elf Ice Elementalist on Apr 11, 2018.
             Slain by a gnoll
             ... wielding a +0 flail
              (10 damage)
             ... on level 2 of the Dungeon on Apr 12, 2018.
             The game lasted 01:18:46 (3547 turns).

Gizmo the Magician (Deep Elf Ice Elementalist)      Turns: 3547, Time: 01:18:47

Health: -2/33      AC:  2    Str:  5    XL:     6   Next: 14%
Magic:  9/16       EV: 13    Int: 22    God:
Gold:   55         SH:  0    Dex: 15    Spells: 2/16 levels left

rFire    + . .     SeeInvis .   F - +0 hunting sling
rCold    . . .     Gourm    .   (no shield)
rNeg     . . .     Faith    .   a - +0 robe
rPois    .         Spirit   .   (no helmet)
rElec    .         Reflect  .   (no cloak)
rCorr    .         Harm     .   (no gloves)
MR       .....                  (no boots)
Stlth    ++........             (no amulet)
HPRegen  0.11/turn              u - ring of protection from fire
MPRegen  0.15/turn              (no ring)

@: no status effects
A: no striking features
a: no special abilities


You were on level 2 of the Dungeon.
You were not hungry.

You visited 1 branch of the dungeon, and saw 3 of its levels.

You collected 55 gold pieces.

Inventory:

Hand Weapons
 e - a +0 club
 g - a +0 club
 i - a +0 club
 l - a +0 club
 n - a +0 dagger
 o - a +0 club
 p - a +0 dagger
 q - a +0 club
 s - a +0 club
 w - a +0 spear
 z - a +0 club
 C - a +0 club
 D - a +1 vampiric short sword
 F - a +0 hunting sling (weapon)
 H - a +0 morningstar of crushing
 J - a +0 whip
 K - a +0 scythe
Missiles
 h - 63 stones (quivered)
 m - 18 poisoned needles
 y - 2 needles of confusion
 G - 38 sling bullets
Armour
 a - a +0 robe (worn)
 k - a +0 chain mail
 x - a +0 ring mail
 A - a +0 ring mail
 B - a +0 helmet
 E - a +0 pair of boots
 I - a +1 scale mail of poison resistance
 L - a +0 robe of magic resistance
 M - a +0 pair of gloves
Jewellery
 u - a ring of protection from fire (left hand)
Scrolls
 d - a scroll of enchant weapon {unknown}
 j - a scroll of remove curse {unknown}
 r - 2 scrolls of identify {unknown}
 t - a scroll of fog {unknown}
 P - a scroll of immolation {unknown}
Potions
 f - a potion of invisibility {unknown}
 v - a potion of degeneration {unknown}
 N - a potion of agility {unknown}
Books
 b - a book of Frost

   Spells                             Type                      Level
   a - Freeze                         Ice                          1
   b - Throw Frost                    Conjuration/Ice              2
   c - Ozocubu's Armour               Charms/Ice                   3
   d - Throw Icicle                   Conjuration/Ice              4
   e - Summon Ice Beast               Ice/Summoning                4
Comestibles
 c - a ration
 O - a chunk of flesh


   Skills:
 + Level 0.9 Fighting
 + Level 1.2 Slings
 + Level 2.7 Dodging
 + Level 3.1 Stealth
 + Level 5.5 Spellcasting
 + Level 1.1 Conjurations
 + Level 5.5 Ice Magic


You had 2 spell levels left.
You knew the following spells:

 Your Spells              Type           Power        Failure   Level  Hunger
a - Freeze                Ice            ####         1%          1    None
b - Throw Frost           Conj/Ice       ###...       3%          2    None
c - Ozocubu's Armour      Chrm/Ice       ###.....     10%         3    ##.....
d - Throw Icicle          Conj/Ice       ###.....     24%         4    ####...
e - Summon Ice Beast      Ice/Summ       ###.....     30%         4    ####...


Dungeon Overview and Level Annotations

Branches:
Dungeon (3/15)

Altars:
The Shining One


Message History

The gnoll barely misses you. The gnoll hits you with a flail.
* * * LOW HITPOINT WARNING * * *
The gnoll barely misses you. The gnoll misses you.
The gnoll hits you with a flail.
* * * LOW HITPOINT WARNING * * *
There is a stone staircase leading up here.
The gnoll closely misses you. The gnoll barely misses you.
You climb upwards.
There is a stone staircase leading down here.
Casting: Freeze
Confirm with . or Enter, or press ? or * to list all spells.
Aiming: Freeze
Press: ? - help, Shift-Dir - straight line, f - gnoll
Aim: a gnoll, wielding a flail (fast)
You freeze the gnoll.
The gnoll is lightly wounded.
The gnoll hits you with a flail!
You die...

###### ##....# ...##.# ..<.#.#
......# .....##### ## ##.......#
########### ###. #.#####.#
#..@g.....# #.8.
#.....>.#####.########### #...
###.................##..## #..P
#..........#.##.........# #####
#..........#..'.........# #....
#...........###.......#.#####♣.
###............##.......#..## ###
#...........#..##......###..###..
#.#............##.....##.##..##.#


You could see a gnoll.

Vanquished Creatures
  Sigmund (D:2)
  A gnoll shaman (D:3)
  Terence (D:2)
  2 adders
  2 gnolls (D:3)
  2 worms (D:2)
  A dart slug (D:1)
  2 leopard geckos (D:1)
  6 bats
  8 hobgoblins
  4 jackals (D:2)
  2 ball pythons (D:1)
  3 frilled lizards (D:2)
  8 goblins
  5 kobolds
  3 rats (D:1)
51 creatures vanquished.

Notes
Turn   | Place    | Note
-------+----------+-------------------------------------------
     0 | D:1      | Gizmo the Deep Elf Ice Elementalist began the quest for the Orb.
     0 | D:1      | Reached XP level 1. HP: 10/10 MP: 6/6
   778 | D:1      | Reached XP level 2. HP: 11/15 MP: 5/8
   792 | D:1      | Learned a level 2 spell: Throw Frost
  1774 | D:1      | Reached XP level 3. HP: 13/19 MP: 6/10
  1811 | D:1      | Learned a level 3 spell: Ozocubu's Armour
  2673 | D:2      | Noticed Terence
  2687 | D:2      | Killed Terence
  2687 | D:2      | Reached XP level 4. HP: 17/24 MP: 3/11
  2816 | D:2      | Noticed Sigmund
  2822 | D:2      | Killed Sigmund
  2822 | D:2      | Reached skill level 5 in Spellcasting
  2822 | D:2      | Reached skill level 5 in Ice Magic
  2822 | D:2      | Reached XP level 5. HP: 23/28 MP: 6/14
  2884 | D:2      | Learned a level 4 spell: Throw Icicle
  2889 | D:2      | Learned a level 4 spell: Summon Ice Beast
  3039 | D:2      | Found a faded altar of an unknown god.
  3079 | D:2      | Found a glowing golden altar of the Shining One.
  3517 | D:3      | Reached skill level 1 in Slings
  3524 | D:3      | Reached XP level 6. HP: 33/33 MP: 13/16
  3547 | D:2      | Slain by a gnoll

Skill      XL: |  1  2  3  4  5 |
---------------+----------------+-----
Ice Magic      | 4 5 |  5.5
Stealth        | 3 |  3.1
Spellcasting   | 5 |  5.5
Slings         | 1 |  1.2
Fighting       | |  0.9
Dodging        | |  2.7
Conjurations   | |  1.1

Action                   |  1- 3 |  4- 6 || total
-------------------------+-------+-------++-------
Melee: Unarmed           |    18 |       ||    18
 Fire: Hunting sling     |     7 |    20 ||    27
 Cast: Freeze            |    51 |    29 ||    80
       Throw Frost       |    12 |       ||    12
  Eat: Chunk             |     3 |     2 ||     5
       Ration            |     1 |       ||     1
Armor: Robe              |     4 |     5 ||     9
Dodge: Dodged            |    28 |    17 ||    45
